 Dungeon Crawl Stone Soup version 0.15.0-31-geb66e34 (webtiles) character file.

720 Rada the Slasher (level 8, 0/61 HPs)
             Began as a Human Fighter on Sept 14, 2014.
             Was a Follower of Qazlal.
             Killed by divine providence
             ... invoked by an orc priest
              (10 damage)
             ... on Level 4 of the Dungeon.
             The game lasted 00:29:16 (4512 turns).

Rada the Slasher (Human Fighter)                    Turns: 4512, Time: 00:29:17

HP   0/61        AC 12     Str 24      XL: 8   Next:  2%
MP   8/8         EV  5     Int  8      God: Qazlal [*.....]
Gold 124         SH 13     Dex 13      Spells:  0 memorised,  7 levels left

rFire  . . .     SeeInvis .     a - +0 long sword
rCold  . . .     Clarity  .     F - +0 chain mail
rNeg   . . .     rCorr    .     c - +2 shield
rPois  .         rRot     .     (no helmet)
rElec  .         Spirit   .     m - +0 cloak
SustAb .         Warding  .     (no gloves)
rMut   .         Stasis   .     j - +0 pair of boots
Gourm  .                        (no amulet)
MR     .....                    (no ring)
                                (no ring)

@: mighty, not resistant to hostile enchantments, extremely unstealthy
A: no striking features
a: Renounce Religion


You were on level 4 of the Dungeon.
You worshipped Qazlal.
Qazlal was aware of your devotion.
You were not hungry.

You visited 1 branch of the dungeon, and saw 4 of its levels.

You collected 124 gold pieces.

Inventory:

Hand weapons
 a - a +0 long sword (weapon)
 h - a +2 spear of venom
Missiles
 f - 13 tomahawks (quivered)
Armour
 c - a +2 shield (worn)
 j - a +0 pair of boots (worn)
 m - a +0 cloak (worn)
 F - a +0 chain mail (worn)
Magical devices
 r - a wand of slowing (10)
Comestibles
 b - a chunk of hobgoblin flesh
 d - 3 bread rations
 z - a beef jerky
 A - 2 fruits
 B - a meat ration
Scrolls
 g - 2 scrolls of teleportation
 i - a scroll of immolation
 n - a scroll of random uselessness {unknown}
 s - a scroll of magic mapping
 v - 3 scrolls of remove curse
Jewellery
 p - an uncursed amulet of faith
 y - an uncursed amulet of the gourmand
Potions
 k - a potion of confusion {unknown}
 l - a potion of agility
 o - a potion of cancellation {unknown}
 t - a potion of poison {unknown}
 u - a potion of magic {unknown}
 w - 2 potions of berserk rage
 x - 2 potions of curing
Books
 q - a book of Alchemy

   Spells                             Type                      Level
   Sublimation of Blood               Necromancy                   2
   Alistair's Intoxication            Transmutation/Poison         4
   Condensation Shield                Ice                          4
   Petrify                            Transmutation/Earth          4
   Ignite Poison                      Fire/Transmutation           5
Magical staves
 C - an uncursed staff of death {unknown}


   Skills:
 + Level 4.6 Fighting
 * Level 5.9 Long Blades
 + Level 4.5 Armour
 + Level 4.4 Shields


You had 7 spell levels left.
You didn't know any spells.

Dungeon Overview and Level Annotations

Branches:
Dungeon (4/15)
 Temple: D:4-7

Altars:
Cheibriados
Nemelex Xobeh
Qazlal

Annotations:
D:3 Chiseanne's ghost, experienced HuGl


Message History

The ogre hits you with a giant spiked club!
You slash the ogre!
You kill the ogre!
Qazlal accepts your kill.
You have reached level 8!
You feel stronger.
You closely miss the hobgoblin.
The orc priest calls down the wrath of Beogh upon you.
Something smites you!
* * * LOW HITPOINT WARNING * * *
You block the hobgoblin's attack.
You slash the hobgoblin!
You kill the hobgoblin!
Qazlal accepts your kill.
The orc priest looks braver.
You hit the worm.
The worm is moderately wounded.
The orc priest mumbles some strange prayers to Beogh against you.
Something smites you!
You die...

### ..# ######## ###+ ###.#
#......# #... ..#.# #......####...
# #.#.# #......##.'... #. #.#.#
#......##.#... #.. #######.#.#
#%........#... #..## #.......#@#
#.......###... #.... #.......#w#
#.......# ####
##....##......ยง#o###.......######
#.....)..o...g.o.................
#.###.##.......####........## #..
#. ####..o.#...........####.. #O
#.####.#....####...##.. #>
.....................'.% .#
###.##.#.#..#.######.##..


You could see a worm, an orc priest and an orc.

Vanquished Creatures
  2 ogres (D:4)
  A sky beast (D:3)
  Sigmund (D:2)
  2 scorpions (D:4)
  2 hounds (D:4)
  An iguana (D:3)
  An orc wizard (D:4)
  Jessica (D:2)
  Terence (D:2)
  4 gnolls (D:4)
  2 adders (D:2)
  A worm (D:2)
  4 giant geckos
  An ooze (D:4)
  6 orcs (D:4)
  8 giant cockroaches
  8 hobgoblins
  7 jackals
  4 kobolds
  A quokka (D:2)
  A ball python (D:2)
  9 bats
  2 giant newts
  8 goblins
  12 rats
90 creatures vanquished.

Notes
Turn   | Place    | Note
--------------------------------------------------------------
     0 | D:1      | Rada, the Human Fighter, began the quest for the Orb.
     0 | D:1      | Reached XP level 1. HP: 18/18 MP: 1/1
   195 | D:1      | Reached XP level 2. HP: 22/24 MP: 2/2
   752 | D:1      | Reached XP level 3. HP: 26/29 MP: 3/3
   990 | D:2      | Noticed Terence
  1011 | D:2      | Killed Terence
  1487 | D:2      | Noticed Jessica
  1505 | D:2      | Reached XP level 4. HP: 28/35 MP: 4/4
  1519 | D:2      | Killed Jessica
  1519 | D:2      | Reached skill level 4 in Long Blades
  1921 | D:2      | Noticed Sigmund
  1930 | D:2      | Killed Sigmund
  1930 | D:2      | Reached XP level 5. HP: 26/41 MP: 5/5
  2404 | D:3      | Found a sparkling altar of Nemelex Xobeh.
  2449 | D:3      | Noticed a sky beast
  2472 | D:3      | Killed a sky beast
  2472 | D:3      | Reached XP level 6. HP: 22/48 MP: 6/6
  2625 | D:3      | Noticed Chiseanne's ghost (experienced HuGl)
  3098 | D:3      | Found a stormy altar of Qazlal.
  3118 | D:3      | Became a worshipper of Qazlal Stormbringer
  3699 | D:4      | Reached skill level 5 in Long Blades
  3768 | D:4      | Found a snail-covered altar of Cheibriados.
  3813 | D:4      | Reached XP level 7. HP: 46/54 MP: 7/7
  4295 | D:4      | Acquired Qazlal's first power
  4509 | D:4      | Reached XP level 8. HP: 23/61 MP: 8/8
  4512 | D:4      | Killed from afar by an orc priest

Action                   |  1- 3 |  4- 6 |  7- 9 || total
-------------------------+-------+-------+-------++-------
Melee: Long sword        |   125 |   143 |   114 ||   382
Throw: Tomahawk          |     2 |       |       ||     2
  Use: Scroll            |       |     9 |     1 ||    10
       Potion            |       |       |     1 ||     1
  Eat: Chunk             |     1 |     8 |     3 ||    12
